 Dungeon Crawl Stone Soup version 0.23.1 (webtiles) character file.

Game seed: 0

6630 Fang the Fighter (level 11, -25/72 HPs)
             Began as a Gargoyle Berserker on Mar 4, 2019.
             Was a High Priest of Trog.
             Annihilated by a seven-headed hydra simulacrum (27 damage)
             ... in a Gauntlet.
             The game lasted 00:12:27 (8943 turns).

Fang the Fighter (Gargoyle Berserker)               Turns: 8943, Time: 00:12:28

Health: -25/72     AC: 31    Str: 25    XL:     11   Next: 2%
Magic:  3/3        EV: 10    Int:  8    God:    Trog [*****.]
Gold:   579        SH:  0    Dex: 10    Spells: 10/10 levels left

rFire    . . .     SeeInvis .   I - +4 broad axe (antimagic)
rCold    . . .     Gourm    .   (no shield)
rNeg     + + .     Faith    .   f - +4 plate armour
rPois    ∞         Spirit   .   (no helmet)
rElec    +         Reflect  .   M - +2 ratskin cloak {+Rats rPois rN+ Str-1 Int-1 Dex+1}
rCorr    .         Harm     .   g - +0 pair of gloves "Eniyduda" {rElec}
MR       .....     NoTele   +   (no boots)
Stlth    ..........             p - amulet of regeneration
HPRegen  0.62/turn              N - +3 ring of strength
MPRegen  0.08/turn              (no ring)

@: no status effects
A: negative energy resistance 1, electricity resistance, unbreathing,
petrification resistance, rot immunity, AC +8
a: Berserk, Trog's Hand, Brothers in Arms, Renounce Religion, Evoke Ratskin


You were in a Gauntlet.
You worshipped Trog.
Trog was extremely pleased with you.
You were not hungry.

You visited 2 branches of the dungeon, and saw 12 of its levels.
You also visited: Sewer and Gauntlet.

You collected 579 gold pieces.

Inventory:

Hand Weapons
 C - a +0 war axe
 I - a +4 antimagic broad axe (weapon)
 K - a +0 trident
Armour
 f - a +4 plate armour (worn)
 g - the +0 pair of gloves "Eniyduda" (worn) {rElec}
   (You found it on level 10 of the Dungeon)

   It insulates you from electricity.
 M - the +2 ratskin cloak (worn) {+Rats rPois rN+ Str-1 Int-1 Dex+1}
   (You found it on level 8 of the Dungeon)

   It affects your strength (-1).
   It affects your intelligence (-1).
   It affects your dexterity (+1).
   It protects you from poison.
   It protects you from negative energy.
Jewellery
 i - a cursed -2 ring of dexterity {unknown}
 p - an amulet of regeneration (around neck)
 N - a +3 ring of strength (left hand)
Wands
 q - a wand of digging (6)
 x - a wand of polymorph (10)
 G - a wand of flame (10)
 J - a wand of disintegration (11)
Scrolls
 d - 5 scrolls of remove curse
 e - a scroll of fear
 j - a scroll of silence {unknown}
 u - a scroll of fog
 y - 6 scrolls of teleportation
 z - 2 scrolls of blinking
 A - 2 scrolls of magic mapping
Potions
 a - a potion of invisibility {unknown}
 b - 2 potions of resistance {unknown}
 h - a potion of lignification
 k - 3 potions of ambrosia
 l - 7 potions of magic
 m - a potion of mutation
 n - 5 potions of heal wounds
 o - 2 potions of agility
 r - a potion of cancellation
 v - 10 potions of curing
 w - 3 potions of flight
 B - 3 potions of haste {unknown}
 D - 3 potions of berserk rage {unknown}
 E - 2 potions of brilliance {unknown}
Comestibles
 c - 19 rations


   Skills:
 + Level 9.6 Fighting
 + Level 8.1 Axes
 + Level 9.2 Armour
 + Level 7.1 Dodging


You had 10 spell levels left.
You didn't know any spells.
Your spell library was empty.

Dungeon Overview and Level Annotations

Branches:
Dungeon (11/15)            Temple (1/1) D:7            Lair (0/6) D:8
    Orc (0/2) D:11

Altars:
Cheibriados
Dithmenos
Elyvilon
Fedhas
Gozag
Hepliaklqana
Nemelex Xobeh
Okawaru
Qazlal
Ru
Sif Muna
Trog
Uskayaw
Vehumet
Wu Jian
Xom

Shops:
D:8 ([   D:9 *   D:10 [

Annotations:
Gauntlet 4 transporters


Innate Abilities, Weirdness & Mutations

You are resistant to torment.
Your stone body is resilient. (AC +8)
You are immune to poison.
You resist negative energy. (rN+)
You are resistant to electric shocks. (rElec)
You can survive without breathing.
You are immune to petrification.
You are immune to rotting.


Message History

The meliai buzzes angrily.
A centaur warrior simulacrum comes into view.
The meliai enters a dispersal trap!
The meliai blinks! x4
Found a buckler.
You slice the centaur warrior simulacrum!!
The centaur warrior simulacrum is severely damaged.
You slice one of the eight-headed hydra simulacrum's heads off!
You slash the seven-headed hydra simulacrum!
The centaur warrior simulacrum hits you but does no damage.
The seven-headed hydra simulacrum bites you but does no damage. x3
The seven-headed hydra simulacrum bites you.
The seven-headed hydra simulacrum freezes you!!
The seven-headed hydra simulacrum bites you but does no damage.
The seven-headed hydra simulacrum bites you.
The seven-headed hydra simulacrum freezes you!!
* * * LOW HITPOINT WARNING * * *
The seven-headed hydra simulacrum bites you.
* * * LOW HITPOINT WARNING * * *
The seven-headed hydra simulacrum freezes you!!
You die...

#8 8# 8# ###############
................. .
................ ##
#########.##### .#.
?)©[...#.#..[[ .#.#
...#ZZ#.#y^.# .
.#.#######@#.#y^..
^#.##..#.#..##.#y#..
.#.#....©....#.#§###
...#.#.##..#.#..##.#.#..
.^##.#.#.##...##.#.#....
.##^.#.#..#...#..#.#...#
.....#.#...#.#...#.#....
########################
©...........©..........


You could see 3 meliai, a seven-headed hydra simulacrum and a centaur warrior
simulacrum.

Vanquished Creatures
  An ice devil (Gauntlet)
  Grinder (D:5)
  3 hornets (Gauntlet)
  A hungry ghost (D:7)
  A steam dragon (D:10)
  Edmund (D:5)
  2 sky beasts
  2 orc warriors
  A black bear (D:11)
  2 ice beasts
  7 ogres
  A phantom (D:9)
  5 centaurs
  7 bullfrogs
  A scorpion (D:5)
  11 wights
  2 howler monkeys
  11 crimson imps
  2 centaur zombies (D:5)
  5 jellies
  4 orc priests
  A bullfrog skeleton (D:11)
  4 hounds
  9 orc wizards
  3 iguanas
  4 worker ants
  A hell rat (D:8)
  Robin (D:4)
  2 hound skeletons
  11 gnolls
  15 river rats
  22 adders
  4 white imps (Gauntlet)
  8 oozes
  An adder zombie (D:5)
  An adder skeleton (D:9)
  4 worms
  6 dart slugs
  2 leopard geckos
  28 orcs
  15 ball pythons
  5 giant cockroaches
  7 hobgoblins
  5 kobolds
  2 quokkas
  11 bats
  5 frilled lizards
  15 goblins
  41 rats
304 creatures vanquished.

Vanquished Creatures (collateral kills)
  A hydra (D:11)
1 creature vanquished.

Vanquished Creatures (others)
  An orc wizard (D:8)
1 creature vanquished.

Grand Total: 306 creatures vanquished

Notes
Turn   | Place    | Note
-------+----------+-------------------------------------------
     0 | D:1      | Fang the Gargoyle Berserker began the quest for the Orb.
     0 | D:1      | Reached XP level 1. HP: 14/14 MP: 1/1
   336 | D:1      | Reached XP level 2. HP: 8/19 MP: 2/2
   938 | D:2      | Reached XP level 3. HP: 23/23 MP: 3/3
  1021 | D:2      | Reached ** piety under Trog
  1080 | D:2      | Reached XP level 4. HP: 25/29 MP: 4/4
  1468 | D:2      | Reached XP level 5. HP: 33/33 MP: 5/5
  1943 | D:3      | Found a sacrificial altar of Ru.
  1955 | D:3      | Found an iron altar of Okawaru.
  1988 | D:3      | Reached *** piety under Trog
  2359 | D:4      | Reached XP level 6. HP: 28/39 MP: 6/6
  2584 | D:4      | Noticed Robin
  2599 | D:4      | Killed Robin
  2850 | D:4      | Found a bloodstained altar of Trog.
  2852 | D:4      | Found a shimmering altar of Xom.
  2852 | D:4      | Found a shadowy altar of Dithmenos.
  2854 | D:4      | Found an opulent altar of Gozag.
  2854 | D:4      | Found a shadowy altar of Dithmenos.
  2854 | D:4      | Found a snail-covered altar of Cheibriados.
  3057 | D:5      | Entered Level 5 of the Dungeon
  3080 | D:5      | Reached skill level 5 in Fighting
  3080 | D:5      | Reached XP level 7. HP: 25/44 MP: 7/7
  3211 | D:5      | Found a glowing drain.
  3250 | Sewer    | Entered a sewer
  3393 | Sewer    | Reached **** piety under Trog
  3592 | Sewer    | Reached skill level 5 in Armour
  3775 | D:5      | Reached XP level 8. HP: 49/51 MP: 8/8
  3830 | D:5      | Noticed Edmund
  3830 | D:5      | Noticed Grinder
  3844 | D:5      | Killed Grinder
  3844 | D:5      | Reached skill level 5 in Axes
  3845 | D:5      | Killed Edmund
  3921 | D:5      | Reached ***** piety under Trog
  4568 | D:6      | Found a hide-covered altar of Uskayaw.
  4584 | D:6      | Reached XP level 9. HP: 56/56 MP: 9/9
  4745 | D:6      | Found a sparkling altar of Nemelex Xobeh.
  4756 | D:6      | Reached skill level 5 in Dodging
  5117 | D:7      | Found a staircase to the Ecumenical Temple.
  5146 | Temple   | Entered the Ecumenical Temple
  5801 | D:8      | Found a stormy altar of Qazlal.
  5887 | D:8      | Received a gift from Trog
  5975 | D:8      | Found a staircase to the Lair.
  6016 | D:8      | Found Tuyho's Armour Shop.
  6084 | D:8      | Found a deep blue altar of Sif Muna.
  6593 | D:8      | Found Potub's Antique Weapon Shop.
  6762 | D:8      | Found the +2 ratskin cloak {+Rats rPois rN+ Str-1 Int-1
                  | Dex+1}
  7102 | D:9      | Reached XP level 10. HP: 63/64 MP: 3/10
  7192 | D:9      | Found a radiant altar of Vehumet.
  7192 | D:9      | Found a shadowy altar of Dithmenos.
  7262 | D:9      | Found a blossoming altar of Fedhas.
  7264 | D:9      | Found Amecis's Elemental Accessories.
  7729 | D:10     | Entered Level 10 of the Dungeon
  7831 | D:10     | Received a gift from Trog
  7889 | D:10     | Found an ornate altar of the Wu Jian Council.
  7936 | D:10     | Got a pair of faintly glowing gloves
  7942 | D:10     | Identified the +0 pair of gloves "Eniyduda" {rElec} (You
                  | found it on level 10 of the Dungeon)
  7997 | D:10     | Found Emyufat's Armour Emporium.
  8553 | D:11     | Noticed an eight-headed hydra
  8562 | D:11     | Killed a ten-headed hydra
  8650 | D:11     | Found a gate leading to a gauntlet.
  8658 | Gauntlet | Entered a Gauntlet
  8658 | Gauntlet | Found a transporter.
  8671 | Gauntlet | Found a transporter.
  8671 | Gauntlet | Found a transporter.
  8673 | Gauntlet | Found a transporter.
  8698 | Gauntlet | Found a transporter.
  8719 | Gauntlet | Found a transporter.
  8790 | Gauntlet | Noticed a brown ugly thing
  8796 | Gauntlet | Noticed a glowing orange brain
  8798 | Gauntlet | Noticed a purple ugly thing
  8821 | Gauntlet | Found a transporter.
  8866 | Gauntlet | Reached XP level 11. HP: 42/72 MP: 3/11
  8921 | Gauntlet | Found a transporter.
  8929 | Gauntlet | Found a transporter.
  8943 | Gauntlet | HP: 2/72 [seven-headed hydra simulacrum (4)]
  8943 | Gauntlet | Annihilated by a seven-headed hydra simulacrum

Skill      XL: |  1  2  3  4  5  6  7  8  9 10 |
---------------+-------------------------------+-----
Axes           | 3 4 5 6 8 |  8.1
Dodging        | 2 3 4 5 7 |  7.1
Armour         | 3 4 5 6 7 9 |  9.2
Fighting       | 4 5 6 8 9 |  9.6

Action                   |  1- 3 |  4- 6 |  7- 9 | 10-12 || total
-------------------------+-------+-------+-------+-------++-------
Melee: Hand axe          |   110 |   280 |   313 |       ||   703
       War axe           |       |       |   257 |       ||   257
       Trident           |       |       |   145 |       ||   145
       Broad axe         |       |       |    12 |   243 ||   255
Invok: Berserk           |       |     3 |     5 |     1 ||     9
       Brothers in Arms  |       |       |       |     1 ||     1
  Use: Scroll            |       |       |       |    26 ||    26
  Eat: Chunk             |     1 |     8 |    22 |     8 ||    39
Armor: Animal skin       |    10 |       |       |       ||    10
       Plate armour      |    92 |   250 |   661 |   215 ||  1218
Dodge: Dodged            |    48 |   140 |   354 |   141 ||   683
